 Dungeon Crawl Stone Soup version 0.25-a0-356-g7c9d860b3b (webtiles) character file.

Game seed: 16430214964868256909, levelgen mode: classic

22296 Borgoz the Basher (level 12, -10/80 HPs)
             Began as a Gargoyle Gladiator on Jan 3, 2020.
             Was a Priest of Ashenzari.
             Killed from afar by Azrael (41 damage)
             ... with damnation
             ... on level 13 of the Dungeon.
             The game lasted 00:26:59 (15632 turns).

Borgoz the Basher (Gargoyle Gladiator)             Turns: 15632, Time: 00:27:00

Health: -10/80     AC: 29    Str: 26    XL:     12   Next: 99%
Magic:  12/12      EV: 13    Int: 13    God:    Ashenzari [***...]
Gold:   913        SH:  4    Dex: 11    Spells: 11/11 levels left

rFire    + + .     SeeInvis +   a - +2 whip (elec)
rCold    + . .     Gourm    .   U - +0 buckler {AC+3}
rNeg     + + .     Faith    +   R - +3 ring mail "Oniluz" {rF+ Int+4 Stlth+}
rPois    ∞         Spirit   .   c - +0 helmet
rElec    +         Reflect  .   z - +0 cloak
rCorr    +         Harm     .   p - +1 pair of gloves "Bumaqao" {rN+ Str+3}
MR       .....                  n - +0 pair of boots
Stlth    ++........             j - amulet of faith
HPRegen  0.23/turn              S - +2 ring of evasion
MPRegen  0.13/turn              A - ring of resist corrosion

@: resistant
A: negative energy resistance 1, electricity resistance, unbreathing,
petrification resistance, rot immunity, AC +8
a: Curse Item, Scrying, Renounce Religion


You were on level 13 of the Dungeon.
You worshipped Ashenzari.
Ashenzari was most pleased with you.
You were very hungry.

You visited 2 branches of the dungeon, and saw 15 of its levels.
You also visited: Ossuary.

You collected 913 gold pieces.

Inventory:

Hand Weapons
 a - a +2 whip of electrocution (weapon)
 b - a +3 morningstar
Missiles
 d - 5 throwing nets (quivered)
Armour
 c - a +0 helmet (worn)
 n - a +0 pair of boots (worn)
 p - the +1 pair of gloves "Bumaqao" (worn) {rN+ Str+3}
   (You found it on level 5 of the Dungeon)

   It affects your strength (+3).
   It protects you from negative energy.
 z - a +0 cloak (worn)
 M - the cursed +1 robe "Ceafeic" {rPois rCorr Slay-4 Stlth+}
   (You found it on level 9 of the Dungeon)

   It affects your accuracy and damage with ranged weapons and melee attacks
   (-4).
   It protects you from poison.
   It provides partial protection from all sources of acid and corrosion.
   It makes you more stealthy.
   It has a curse placed upon it.
 R - the +3 ring mail "Oniluz" (worn) {rF+ Int+4 Stlth+}
   (You found it on level 9 of the Dungeon)

   It affects your intelligence (+4).
   It protects you from fire.
   It makes you more stealthy.
 U - a +0 buckler of protection (worn)
 V - the -7 buckler of New Discoveries {Dex+4}
   (You found it on level 4 of the Dungeon)

   It affects your dexterity (+4).
Jewellery
 j - an amulet of faith (around neck)
 A - a ring of resist corrosion (right hand)
 K - the ring "Wyotzearch" {Int+2 SInv}
   (You found it on level 8 of the Dungeon)

   [ring of see invisible]

   It affects your intelligence (+2).
   It lets you see invisible.
 P - an uncursed ring of protection from magic
 S - a +2 ring of evasion (left hand)
Wands
 L - a wand of iceblast (7)
Scrolls
 h - 2 scrolls of teleportation
 i - 3 scrolls of remove curse
 k - 8 scrolls of fog
 m - 4 scrolls of fear {unknown}
 o - a scroll of enchant armour {unknown}
 q - 3 scrolls of magic mapping
 s - 3 scrolls of noise {unknown}
 t - a scroll of silence {unknown}
 C - 3 scrolls of enchant weapon {unknown}
 D - 2 scrolls of blinking {unknown}
 Q - 2 scrolls of immolation {unknown}
Potions
 e - 4 potions of flight
 u - 3 potions of curing
 w - a potion of mutation
 G - a potion of haste
 H - a potion of cancellation
 N - a potion of agility
Comestibles
 f - 28 rations


   Skills:
 + Level 11.7 Fighting
 * Level 14.6 Maces & Flails
 - Level 1.7 Throwing
 + Level 11.4 Armour
 - Level 2.5 Dodging
 + Level 2.6 Shields


You had 11 spell levels left.
You didn't know any spells.
Your spell library contained the following spells:

 Spells                   Type           Power        Failure   Level  Hunger
 Beastly Appendage        Tmut           #.....       45%         1    ##.....
 Magic Dart               Conj           #...         45%         1    ##.....
 Blink                    Tloc           N/A          58%         2    ###....
 Call Imp                 Summ           #.......     58%         2    ###....
 Slow                     Hex            #.......     58%         2    ###....
 Sticks to Snakes         Tmut           #.......     58%         2    ###....
 Conjure Flame            Conj/Fire      #.......     83%         3    ####...
 Mephitic Cloud           Conj/Pois/Air  #.......     83%         3    ####...
 Spider Form              Tmut/Pois      #.........   83%         3    ####...
 Ice Form                 Ice/Tmut       #.......     99%         4    #####..
 Blade Hands              Tmut           #.........   100%        5    ######.


Dungeon Overview and Level Annotations

Branches:
Dungeon (14/15)            Temple (1/1) D:5            Lair (0/6) D:9
    Orc (0/2) D:9         Ossuary (visited)
 Vaults: D:13-14

Altars:
Ashenzari
Cheibriados
Dithmenos
Elyvilon
Fedhas
Gozag
Hepliaklqana
Kikubaaqudgha
Makhleb
Nemelex Xobeh
Okawaru
Qazlal
Ru
Sif Muna
Trog
Uskayaw
Vehumet
Wu Jian
Xom
Yredelemnul
Zin
The Shining One
Beogh

Portals:
Trove: D:11 (give +3 shadow dragon scales)

Annotations:
D:13 Azrael
D:14 1 transporter, Hetsyfel's ghost, journeyman DsVM


Innate Abilities, Weirdness & Mutations

You are resistant to torment.
Your stone body is resilient. (AC +8)
You are immune to poison.
You resist negative energy. (rN+)
You are resistant to electric shocks. (rElec)
You can survive without breathing.
You are immune to petrification.
You are immune to rotting.


Message History

Lightning courses through the hell hound!
The hell hound is heavily wounded.
You block the hell hound's attack.
You closely miss the hell hound.
The hell hound is heavily wounded.
The hell hound bites you but does no damage.
Unknown command.
You whack the hell hound!
Lightning courses through the hell hound!
You kill the hell hound!
Azrael hits you but does no damage.
You whack Azrael!
Azrael is lightly wounded.
You hit Azrael but do no damage. Lightning courses through Azrael!
Azrael is moderately wounded.
Azrael whirls about in circles.
Azrael gestures at you.
The sphere of damnation explodes!
The damnation engulfs you!!!
Ouch! That really hurt!
You die...

##.## ##..#...... #..#
##..#....... ##.##
#..#........ ##.##
##.#......... #..#
##.#.........# ##.##
##.......[....# ##..##
##..............
##....########E..............
#...........@Rh..............
#......#######h..............
##...### ##..............
##..## #○........○..<. ##.###
#.............h ###.##
##..).°...h...J ##..##
#.......°....J #..##
#....○........ ..##
#.....○.°.....


You could see Azrael, a fire elemental and 2 hell hounds.

Vanquished Creatures
  Kirke (D:12)
  Snorg (D:10)
  Harold (D:7)
  A hydra (D:11)
  A tengu warrior (D:13)
  An unseen horror (D:11)
  A deep elf mage (D:13)
  2 ugly things
  2 cyclopes
  Joseph (D:7)
  A torpor snail (shapeshifter) (D:13)
  Psyche (D:11)
  A komodo dragon (D:9)
  A tengu conjurer (D:13)
  4 trolls
  Prince Ribbit (D:7)
  6 hippogriffs
  4 slime creatures (D:13)
  A hornet (shapeshifter) (D:13)
  Sigmund (D:4)
  A spriggan (D:8)
  2 wyverns (D:10)
  A wraith (D:13)
  10 yaks
  A fire elemental (D:13)
  3 hogs (D:12)
  Grum (D:10)
  A basilisk (D:13)
  4 hell hounds (D:13)
  A soldier ant (D:13)
  4 ice beasts
  2 black bears
  8 orc warriors
  An eye of draining (D:13)
  2 necrophages
  3 sky beasts
  2 wolves
  6 centaurs
  8 ogres
  A phantom (D:9)
  A crocodile (D:11)
  2 big kobolds
  6 bullfrogs
  2 elf zombies (Ossuary)
  A gnoll sergeant (D:7)
  A wyvern skeleton (D:9)
  A scorpion (D:10)
  10 killer bees (D:9)
  4 wights (D:7)
  10 crimson imps
  5 howler monkeys
  4 quasits
  A bullfrog zombie (D:12)
  3 centaur zombies
  4 jellies
  10 orc priests
  A centaur skeleton (D:10)
  2 hounds
  17 orc wizards
  Crazy Yiuf (D:4)
  4 iguanas
  2 bullfrog skeletons
  9 worker ants
  A big kobold zombie (Ossuary)
  A hound zombie (Ossuary)
  4 mummies (Ossuary)
  A worker ant zombie (D:11)
  A howler monkey skeleton (D:9)
  14 adders
  7 gnolls
  4 shadow imps
  2 oozes
  3 adder zombies
  An adder skeleton (D:9)
  A worm (D:3)
  2 dart slugs (D:1)
  10 leopard geckos
  77 orcs
  3 ball pythons
  8 giant cockroaches
  A gnoll zombie (Ossuary)
  11 goblins
  10 hobgoblins
  4 jackals (D:1)
  2 quokkas
  5 bats
  13 frilled lizards
  A hobgoblin zombie (Ossuary)
  3 jackal zombies (Ossuary)
  23 kobolds
  A leopard gecko skeleton (D:4)
  An orc zombie (Ossuary)
  A quokka zombie (D:8)
  9 rats
421 creatures vanquished.

Vanquished Creatures (others)
  An eye of draining (D:13)
  A kobold (D:12)
  A plant (D:9)
3 creatures vanquished.

Grand Total: 424 creatures vanquished

Notes
Turn   | Place    | Note
-------+----------+-------------------------------------------
     0 | D:1      | Borgoz the Gargoyle Gladiator began the quest for the Orb.
     0 | D:1      | Reached XP level 1. HP: 12/12 MP: 1/1
    22 | D:1      | Reached XP level 2. HP: 10/18 MP: 2/2
   227 | D:1      | Reached skill level 1 in Armour
   232 | D:1      | Reached XP level 3. HP: 13/22 MP: 3/3
   814 | D:2      | Reached XP level 4. HP: 22/27 MP: 4/4
   934 | D:2      | Reached skill level 4 in Maces & Flails
  1652 | D:3      | Reached XP level 5. HP: 23/32 MP: 5/5
  1890 | D:3      | Found a shadowy altar of Dithmenos.
  2310 | D:4      | Got a translucent buckler
  2316 | D:4      | Identified the cursed -7 buckler of New Discoveries {Dex+4}
                  | (You found it on level 4 of the Dungeon)
  2412 | D:4      | Reached skill level 5 in Maces & Flails
  2412 | D:4      | Reached XP level 6. HP: 29/38 MP: 6/6
  2806 | D:4      | Noticed Sigmund
  2824 | D:4      | Killed Sigmund
  2824 | D:4      | Reached skill level 6 in Maces & Flails
  2824 | D:4      | Reached XP level 7. HP: 16/44 MP: 7/7
  3517 | D:4      | Found a runed translucent door.
  3518 | D:4      | Noticed Crazy Yiuf
  3641 | D:4      | Killed Crazy Yiuf
  3731 | D:5      | Entered Level 5 of the Dungeon
  3846 | D:5      | Reached skill level 5 in Fighting
  3846 | D:5      | Reached XP level 8. HP: 35/49 MP: 8/8
  3876 | D:5      | Reached skill level 7 in Maces & Flails
  3980 | D:5      | Found a staircase to the Ecumenical Temple.
  4135 | Temple   | Entered the Ecumenical Temple
  4374 | Temple   | Became a worshipper of Ashenzari the Shackled
  4563 | D:6      | HP: 1/49 [worker ant (5)]
  4863 | D:5      | Got the uncursed pair of gloves "Bumaqao" {rN+ Str+3}
  4865 | D:5      | Found an opulent altar of Gozag.
  4922 | D:5      | Identified the +1 pair of gloves "Bumaqao" {rN+ Str+3} (You
                  | found it on level 5 of the Dungeon)
  4980 | D:5      | Reached skill level 5 in Armour
  5107 | D:5      | HP: 1/51 [ogre/+0 giant club (12)]
  5428 | D:5      | Reached skill level 8 in Maces & Flails
  5666 | D:6      | Reached XP level 9. HP: 56/56 MP: 9/9
  5766 | D:6      | Found a sparkling altar of Nemelex Xobeh.
  6261 | D:7      | Reached skill level 9 in Maces & Flails
  6375 | D:7      | Noticed Prince Ribbit
  6407 | D:7      | Killed Prince Ribbit
  6575 | D:7      | Reached * piety under Ashenzari
  6833 | D:7      | Noticed Harold
  6860 | D:7      | Killed Harold
  6860 | D:7      | Reached skill level 10 in Maces & Flails
  6860 | D:7      | Reached XP level 10. HP: 38/64 MP: 10/10
  6880 | D:7      | Noticed Joseph
  6914 | D:7      | Killed Joseph
  7681 | D:8      | Found a sand-covered staircase.
  7686 | Ossuary  | Entered an ossuary
  8108 | D:8      | Identified the ring "Wyotzearch" {Int+2 SInv}
  8684 | D:8      | Reached skill level 11 in Maces & Flails
  9644 | D:9      | Reached XP level 11. HP: 49/71 MP: 11/11
  9950 | D:9      | Found a staircase to the Orcish Mines.
  9995 | D:9      | Got the uncursed ring mail "Oniluz" {rF+ Int+4 Stlth+}
 10006 | D:9      | Identified the +3 ring mail "Oniluz" {rF+ Int+4 Stlth+}
                  | (You found it on level 9 of the Dungeon)
 10142 | D:9      | Reached skill level 12 in Maces & Flails
 10166 | D:9      | Found a staircase to the Lair.
 10612 | D:10     | Entered Level 10 of the Dungeon
 10637 | D:10     | Found a runed translucent door.
 10682 | D:9      | Reached ** piety under Ashenzari
 10713 | D:9      | Got the cursed robe "Ceafeic" {rPois rCorr Slay-4 Stlth+}
 10840 | D:10     | Noticed Snorg
 10863 | D:10     | Killed Snorg
 11881 | D:10     | Reached skill level 10 in Fighting
 11946 | D:10     | Found a roughly hewn altar of Beogh.
 12300 | D:11     | Noticed Grum
 12301 | D:11     | Noticed a cyan ugly thing
 12370 | D:10     | Killed Grum
 12497 | D:11     | Noticed Psyche
 12521 | D:10     | Killed a cyan ugly thing
 12521 | D:10     | Reached skill level 10 in Armour
 12698 | D:10     | Reached skill level 13 in Maces & Flails
 12722 | D:11     | Killed Psyche
 12754 | D:11     | Noticed an unseen horror
 12761 | D:11     | Killed an unseen horror
 12848 | D:11     | Noticed a six-headed hydra
 12856 | D:11     | Killed a six-headed hydra
 12856 | D:11     | Reached XP level 12. HP: 64/79 MP: 12/12
 13080 | D:11     | Found a portal to a secret trove of treasure.
 13563 | D:12     | Noticed Kirke
 13613 | D:12     | Killed Kirke
 14229 | D:12     | Reached skill level 14 in Maces & Flails
 14404 | D:13     | Noticed a tengu warrior
 14433 | D:13     | Killed a tengu warrior
 14434 | D:13     | Reached *** piety under Ashenzari
 14640 | D:13     | Noticed Azrael
 14746 | D:14     | Found a transporter.
 14749 | D:14     | Noticed Hetsyfel's ghost (journeyman DsVM)
 14752 | D:14     | Noticed a fire dragon
 14753 | D:14     | Noticed a catoblepas
 14949 | D:13     | Reached skill level 1 in Shields
 15632 | D:13     | Killed from afar by Azrael

Levels and vault maps discovered:
D:1:      lightli_arrival_flooded_house, layout_loops_ring, minmay_pentomino_r4
D:2:      layout_loops_ring, minivault_27, grunt_decor_arrowhead
D:3:      layout_basic, old_standard_altar
D:4:      layout_loops_ring, first_ration, uniq_sigmund, uniq_crazy_yiuf_cottage
D:5:      layout_basic, minmay_temple_entry_statues_fountains, basic_altar,
          minmay_misc_feat_doors
D:6:      layout_basic, nemelex_spade_bored_becter
D:7:      layout_gridville, uniq_harold, uniq_prince_ribbit1, uniq_joseph
D:8:      layout_loops_ring, special_room [special_room_orc], enter_ossuary_2,
          the_bakery
D:9:      cheibrodos_elevator_heist, layout_gridville, david_lair_shrubbed,
          orc_0_dummy
D:10:     layout_loops_ring, lightli_church_of_beogh, uniq_snorg
D:11:     layout_rooms, trove_entry_hex_spiral, uniq_grum, uniq_psyche
D:12:     layout_irregular_city, uniq_kirke
D:13:     layout_cave_pods, uniq_azrael
D:14:     layout_rooms, david_vaults_1, gammafunk_ghost_berserking_beasts,
          uniq_louise
Temple:   nicolae_temple_the_god_donut

Skill      XL: |  1  2  3  4  5  6  7  8  9 10 11 12 |
---------------+-------------------------------------+-----
Armour         | 1 2 3 4 5 7 8 10 11 | 11.4
Fighting       | 3 4 5 6 7 9 10 11 | 11.7
Maces & Flails | 4 5 6 8 10 11 13 14 | 14.6
Shields        | 2 |  2.6
Throwing       | |  1.7
Dodging        | |  2.5

Action                   |  1- 3 |  4- 6 |  7- 9 | 10-12 || total
-------------------------+-------+-------+-------+-------++-------
Melee: Flail             |    93 |   217 |   311 |       ||   621
       Mace              |       |       |   111 |       ||   111
       Whip              |       |       |    19 |  1203 ||  1222
       Unarmed           |       |       |       |     3 ||     3
Throw: Throwing net      |       |     5 |       |     2 ||     7
  Use: Scroll            |       |     4 |     8 |     9 ||    21
       Potion            |       |       |     5 |    13 ||    18
 Stab: Held in net/web   |       |     3 |       |       ||     3
       Sleeping          |       |       |       |     2 ||     2
  Eat: Chunk             |       |     7 |     6 |    27 ||    40
       Ration            |       |       |     2 |       ||     2
Armor: Leather armour    |    43 |       |       |       ||    43
       Ring mail         |     2 |   101 |    22 |   357 ||   482
       Scale mail        |       |       |   233 |   185 ||   418
Dodge: Dodged            |    61 |   130 |   247 |   551 ||   989
Block: Buckler           |       |       |       |    18 ||    18

Table legend:
 A = Non-vault XP
 B = Vault XP
 C = Vault XP percentage of total XP
 D = Non-vault monster count
 E = Vault monster count
 F = Vault count percentage of total count
                 A         B        C        D         E       F
            +---------+---------+-------+---------+---------+-------
      Total |   22176 |    9676 |  30.4 |     338 |      83 |  19.7
            +---------+---------+-------+---------+---------+-------
        D:1 |      74 |       4 |   5.1 |      30 |       3 |   9.1
        D:2 |      51 |       0 |   0.0 |      22 |       0 |   0.0
        D:3 |     108 |       0 |   0.0 |      30 |       0 |   0.0
        D:4 |     450 |     277 |  38.1 |      19 |       2 |   9.5
        D:5 |    1086 |       0 |   0.0 |      26 |       0 |   0.0
        D:6 |     552 |       0 |   0.0 |      11 |       0 |   0.0
        D:7 |    1187 |    1751 |  59.6 |      35 |       3 |   7.9
        D:8 |     661 |     838 |  55.9 |      16 |      26 |  61.9
        D:9 |    2974 |     999 |  25.1 |      39 |       7 |  15.2
       D:10 |    2561 |    1661 |  39.3 |      38 |      15 |  28.3
       D:11 |    3516 |     514 |  12.8 |      21 |       2 |   8.7
       D:12 |    2300 |    2515 |  52.2 |      26 |       4 |  13.3
       D:13 |    6656 |     801 |  10.7 |      25 |       5 |  16.7
    Ossuary |       0 |     316 | 100.0 |       0 |      16 | 100.0
            +---------+---------+-------+---------+---------+-------
